 Dungeon Crawl Stone Soup version 0.29.0-4-gdea44cf6ec (webtiles) character file.

Game seed: 11717257133607327403

50 qw the Chopper (level 3, -4/21 HPs)
             Began as a Tengu Warper on Aug 28, 2022.
             Killed from afar by an orc wizard (7 damage)
             ... with a magic dart
             ... on level 3 of the Dungeon.
             The game lasted 00:00:09 (1925 turns).

qw the Chopper (Tengu Warper)                       Turns: 1925, Time: 00:00:09

Health: -4/21      AC:  5    Str: 13    XL:     3   Next: 79%
Magic:  7/7        EV: 10    Int: 13    God:
Gold:   121        SH:  0    Dex: 13    Spells: 6/6 levels left

rFire   . . .      SeeInvis .   g - +3 broad axe (freeze)
rCold   . . .      Faith    .   j - +0 buckler
rNeg    . . .      Spirit   .   e - +0 ring mail
rPois   .          Reflect  .   (helmet restricted)
rElec   .          Harm     .   (no cloak)
rCorr   .          Rampage  .   (no gloves)
Will    .....                   (boots unavailable)
Stlth   ..........              k - amulet of regeneration
HPRegen 0.87/turn               (no ring)
MPRegen 0.10/turn               (no ring)

@: confused
A: beak, talons 3
a: no special abilities


You were on level 3 of the Dungeon.
You visited 1 branch of the dungeon, and saw 3 of its levels.

You collected 121 gold pieces.


Innate Abilities, Weirdness & Mutations

You have a beak for a mouth.
You have claws for feet.


   Skills:
 - Level 2.0 Fighting
 + Level 4.1 Axes
 - Level 1.0 Throwing
 - Level 1.1 Armour
 - Level 2.1 Dodging
 - Level 1.0 Shields
 - Level 2.0 Spellcasting
 - Level 2.4 Translocations


You had 6 spell levels left.
You didn't know any spells.
Your spell library contained the following spells:

 Spells                   Type           Power      Damage    Failure   Level
 Blink                    Tloc           14%        N/A       38%         2
 Gell's Gravitas          Tloc           7%         N/A       63%         3
 Lesser Beckoning         Tloc           7%         N/A       63%         3
 Teleport Other           Tloc           7%         N/A       63%         3
 Manifold Assault         Tloc           7%         N/A       100%        5

Inventory:

Hand Weapons
 f - a +0 club
 g - a +3 broad axe of freezing (weapon)
Missiles
 d - 4 boomerangs (quivered)
Armour
 e - a +0 ring mail (worn)
 j - a +0 buckler (worn)
Jewellery
 k - an amulet of regeneration (around neck)
Scrolls
 i - 2 scrolls of teleportation
Potions
 a - a potion of flight {unknown}
 b - a potion of berserk rage {unknown}
 c - a potion of curing {unknown}
 h - a potion of brilliance {unknown}

Dungeon Overview and Level Annotations

Branches:
Dungeon (3/15)

Altars:


Message History

An orc comes into view. It is wielding a +0 hand axe.
The orc wizard points at you and mumbles some strange words.
The magic dart hits you.
The orc wizard hits you with a +0 dagger.
A worm comes into view.
You hit the orc wizard. You freeze the orc wizard. You peck the orc wizard.
The orc wizard is severely wounded.
You block the orc wizard's attack.
You barely miss the orc wizard. Your kick misses the orc wizard.
The orc wizard is severely wounded.
The orc wizard gestures at you while chanting.
You are confused.
The orc wizard mumbles some strange words.
The orc wizard flickers and vanishes!
Deactivating autopickup; reactivate with Ctrl-A.
You bump into the rock wall.
Something hits you.
You're too confused to move!
Something hits you.
You bump into the rock wall.
Something hits you.
You completely miss something. Your kick misses something.
Your peck misses something. Something hits you.
You bump into the rock wall.
You feel less confused.
You hear some strange, mumbled words.
You are confused.
You closely miss something. Your kick misses something.
You hear some strange, mumbled words.
A puff of flame appears from out of thin air!
The puff of flame hits you!
You hear some strange, mumbled words.
You are more confused.
You barely miss something. Your kick misses something.
Your peck misses something.
You hear some strange, mumbled words.
A magic dart appears from out of thin air!
The magic dart hits you!
You die...

##############
#..)....)....#
#####.##########@#
......# #{#
......# #o#
......# #w#
......+ ..#
).....# ..#
##....# ..#
##....# #..#
.......#


You could see a worm and an orc.

Vanquished Creatures
  An adder (D:2)
  4 orcs (D:3)
  4 ball pythons
  2 endoplasms (D:1)
  3 goblins (D:1)
  A hobgoblin (D:1)
  4 jackals (D:1)
  A quokka (D:1)
  7 bats
  A kobold (D:3)
  5 rats
33 creatures vanquished.

Notes
Turn   | Place    | Note
-------+----------+-------------------------------------------
     0 | D:1      | qw the Tengu Warper began the quest for the Orb.
     0 | D:1      | Reached XP level 1. HP: 12/12 MP: 4/4
     0 | D:1      | 0 ||| qw: Version: 0.1-a-89-g26bdef1
     0 | D:1      | 0 ||| qw: Game counter: 2340
     0 | D:1      | 0 ||| qw: Always use a shield: true
     0 | D:1      | 0 ||| qw: God list: Okawaru
     0 | D:1      | 0 ||| qw: Allow faded altars: false
     0 | D:1      | 0 ||| qw: Do Orc after D:15 true
     0 | D:1      | 0 ||| qw: Do second Lair branch before Depths: true
     0 | D:1      | 0 ||| qw: Lair rune preference: random
     0 | D:1      | 0 ||| qw: Plans: Normal
     0 | D:1      | 0 ||| PLANNING D:1-11
   191 | D:1      | Reached XP level 2. HP: 17/17 MP: 6/6
   203 | D:1      | Reached skill level 3 in Axes
   525 | D:1      | 525 ||| Stepping ~*~*~tactically~*~*~ (stealth).
   541 | D:1      | Reached XP level 3. HP: 7/21 MP: 7/7
  1117 | D:1      | 1117 ||| UPGRADING to +0 ring mail.
  1127 | D:1      | 1127 ||| DROPPING +0 leather armour.
  1128 | D:1      | 1128 ||| UPGRADING to amulet of regeneration.
  1133 | D:1      | 1133 ||| READING scroll labelled JEMERPH HAEMN.
  1137 | D:1      | 1137 ||| READING scroll labelled PUNOGI ARYBB.
  1138 | D:1      | 1138 ||| DRINKING 2 smoky golden potions.
  1181 | D:1      | 1181 ||| DROPPING scroll of blinking.
  1182 | D:1      | 1182 ||| DROPPING potion of lignification.
  1244 | D:2      | Reached skill level 4 in Axes
  1244 | D:2      | 1244 ||| STAIRDANCE
  1794 | D:2      | 1794 ||| UPGRADING to +0 buckler.
  1799 | D:2      | 1799 ||| READING scroll labelled BEURUESKAJ.
  1800 | D:2      | 1800 ||| READING scroll labelled TEMILY RIMOEMM.
  1800 | D:2      | Identified a scroll of acquirement
  1800 | D:2      | 1800 ||| ACQUIRING +3 broad axe of freezing
  1800 | D:2      | Acquired a +3 broad axe of freezing
  1802 | D:2      | 1802 ||| SWAPPING to +3 broad axe of freezing.
  1803 | D:2      | 1803 ||| DROPPING +0 hand axe.
  1845 | D:1      | 1845 ||| READING 3 scrolls of teleportation.
  1864 | D:3      | 1864 ||| STAIRDANCE
  1905 | D:3      | Reached skill level 1 in Shields
  1924 | D:3      | HP: 2/21 [something/puff of flame (7)]
  1925 | D:3      | Killed from afar by an orc wizard

Levels and vault maps discovered:
D:1:      minmay_arrival_semitransparent, layout_basic, supply_closet_lemuel,
          nicolae_hexahallways, minmay_close_crescents
D:2:      layout_rooms
D:3:      layout_basic, serial_aquarium, aquarium_bridge_square
          [aquarium_subvault_bridge, aquarium_subvault_wall,
          aquarium_subvault_window, aquarium_subvault_window],
          aquarium_window_fake, aquarium_window_3, aquarium_window_fake,
          aquarium_view_4, aquarium_view_2b, aquarium_balcony_3a,
          aquarium_pool_2, minmay_between, uniq_terence

Skill      XL: |  1  2  3 |
---------------+----------+-----
Axes           | 3 4 |  4.1
Shields        | 1 |  1.0
Fighting       | |  2.0
Throwing       | |  1.0
Armour         | |  1.1
Dodging        | |  2.1
Spellcasting   | |  2.0
Translocations | |  2.4

Action                   || total
-------------------------++-------
Melee: Hand axe          ||    53
       Kick              ||    12
       Peck              ||     8
       Broad axe         ||    17
Throw: Boomerang         ||    26
  Use: Scroll            ||     5
       Potion            ||     1
Armor: Leather armour    ||    10
       Ring mail         ||    15
Dodge: Dodged            ||    32
Block: Buckler           ||     1

Table legend:
 A = Non-vault XP
 B = Vault XP
 C = Vault XP percentage of total XP
 D = Non-vault monster count
 E = Vault monster count
 F = Vault count percentage of total count
                 A         B        C        D         E       F
            +---------+---------+-------+---------+---------+-------
      Total |      67 |       5 |   6.9 |      30 |       3 |   9.1
            +---------+---------+-------+---------+---------+-------
        D:1 |      33 |       5 |  13.2 |      18 |       3 |  14.3
        D:2 |      19 |       0 |   0.0 |       6 |       0 |   0.0
        D:3 |      15 |       0 |   0.0 |       6 |       0 |   0.0
            +---------+---------+-------+---------+---------+-------
